TOP OF THE 1ST |
Surrey Sinners batting - Pitching for Seattle Rainiers : RHP Jaime Espinoza
|
Pitching: RHP Jaime Espinoza
|
|
Batting: RHB Carlos Rodríguez
|
0-0: Ball 1-0: Ball 2-0: SINGLE (Line Drive, 56D)
|
Batting: RHB Cooper Richard
|
0-0: Ball 1-0: Ball Carlos Rodríguez steals 2nd base 2-0: Ball 3-0: Called Strike 3-1: Foul Ball, location: 2F 3-2: Ground out 1-3 (Groundball, 23) Carlos Rodríguez to third
|
Batting: RHB Tony Cruz
|
0-0: Ball 1-0: Called Strike 1-1: Ground out 5-3 (Groundball, 5)
|
Batting: RHB Júlio Figueroa
|
0-0: Ball 1-0: Foul Ball, location: 2F 1-1: Foul Ball, location: 2F 1-2: Ball 2-2: Ground out 5-3 (Groundball, 5)
|
Top of the 1st over - 0 run(s), 1 hit(s), 0 error(s), 1 left on base; Surrey 0 - Seattle 0 |
BOTTOM OF THE 1ST |
Seattle Rainiers batting - Pitching for Surrey Sinners : RHP Diego González
|
Pitching: RHP Diego González
|
|
Batting: RHB Aaron Holt
|
0-0: Called Strike 0-1: DOUBLE (Flyball, 9LM)
|
Batting: RHB Pedro Rodríguez
|
0-0: Swinging Strike 0-1: Called Strike 0-2: Ball 1-2: Strikes out swinging
|
Batting: LHB Brian Boone
|
0-0: Called Strike 0-1: SINGLE (Line Drive, 78S) Aaron Holt to third
|
Batting: SHB Glenn Vadnais
|
0-0: Ball Brian Boone is caught stealing 2nd base 1-0: Ground out 5-3 (Groundball, 56S)
|
Bottom of the 1st over - 0 run(s), 2 hit(s), 0 error(s), 1 left on base; Surrey 0 - Seattle 0 |
TOP OF THE 2ND |
Surrey Sinners batting - Pitching for Seattle Rainiers : RHP Jaime Espinoza
|
Batting: RHB César Osequedo
|
0-0: SINGLE (Flyball, 9S)
|
Batting: LHB Richard Bell
|
0-0: Ball 1-0: Ball César Osequedo is caught stealing 2nd base 2-0: Foul Ball, location: 2F 2-1: Fly out, F8 (Flyball, 89D)
|
Batting: LHB Tanyu Imai
|
0-0: Ball 1-0: Swinging Strike 1-1: Fly out, F8 (Line Drive, 8RM)
|
Top of the 2nd over - 0 run(s), 1 hit(s), 0 error(s), 0 left on base; Surrey 0 - Seattle 0 |
BOTTOM OF THE 2ND |
Seattle Rainiers batting - Pitching for Surrey Sinners : RHP Diego González
|
Batting: RHB Chris Parker
|
0-0: Ball 1-0: Foul Ball, location: 2F 1-1: Called Strike 1-2: Fly out, F8 (Flyball, 8RM)
|
Batting: RHB Alejandro Ramos
|
0-0: Called Strike 0-1: Foul Ball, location: 2F 0-2: Ball 1-2: Strikes out swinging
|
Batting: LHB Norbert Mosley
|
0-0: Foul Ball, location: 2F 0-1: Fly out, F3 (Popup, 23F)
|
Bottom of the 2nd over - 0 run(s), 0 hit(s), 0 error(s), 0 left on base; Surrey 0 - Seattle 0 |
TOP OF THE 3RD |
Surrey Sinners batting - Pitching for Seattle Rainiers : RHP Jaime Espinoza
|
Batting: LHB Benny Richard
|
0-0: Ball 1-0: Swinging Strike 1-1: SINGLE (Line Drive, 4D)
|
Batting: RHB Víctor Arredondo
|
0-0: Ball 1-0: Called Strike 1-1: Swinging Strike 1-2: Foul Ball, location: 2F 1-2: Strikes out swinging
|
Batting: RHB Carlos Rodríguez
|
0-0: Ball 1-0: Called Strike 1-1: Ball 2-1: Called Strike 2-2: Foul Ball, location: 2F 2-2: Strikes out swinging
|
Batting: RHB Cooper Richard
|
0-0: DOUBLE (Line Drive, 7D) Benny Richard to third
|
Batting: RHB Tony Cruz
|
0-0: Called Strike 0-1: Foul Ball, location: 2F 0-2: Ball 1-2: Foul Ball, location: 2F 1-2: DOUBLE (Line Drive, 5D) Benny Richard scores Cooper Richard scores
|
Batting: RHB Júlio Figueroa
|
0-0: Called Strike 0-1: DOUBLE (Flyball, 7LM) Tony Cruz scores
|
Batting: RHB César Osequedo
|
0-0: Foul Ball, location: 2F 0-1: Ball 1-1: Foul Ball, location: 2F 1-2: Strikes out swinging
|
Top of the 3rd over - 3 run(s), 4 hit(s), 0 error(s), 1 left on base; Surrey 3 - Seattle 0 |
BOTTOM OF THE 3RD |
Seattle Rainiers batting - Pitching for Surrey Sinners : RHP Diego González
|
Batting: SHB Francisco Lópes
|
0-0: Ball 1-0: Foul Ball, location: 2F 1-1: Foul Ball, location: 2F 1-2: Foul Ball, location: 2F 1-2: Strikes out swinging
|
Batting: RHB Bill Dawson
|
0-0: Ball 1-0: Swinging Strike 1-1: Called Strike 1-2: Foul Ball, location: 2F 1-2: Strikes out swinging
|
Batting: RHB Aaron Holt
|
0-0: Ball 1-0: Ball 2-0: Ball 3-0: Swinging Strike 3-1: Foul Ball, location: 2F 3-2: Strikes out swinging
|
Bottom of the 3rd over - 0 run(s), 0 hit(s), 0 error(s), 0 left on base; Surrey 3 - Seattle 0 |
TOP OF THE 4TH |
Surrey Sinners batting - Pitching for Seattle Rainiers : RHP Jaime Espinoza
|
Batting: LHB Richard Bell
|
0-0: Ball 1-0: Called Strike 1-1: Ground out 6-3 (Groundball, 6M)
|
Batting: LHB Tanyu Imai
|
0-0: Ball 1-0: Ground out U3 (Groundball, 3S)
|
Batting: LHB Benny Richard
|
0-0: Ball 1-0: Called Strike 1-1: Foul Ball, location: 2F 1-2: Strikes out swinging
|
Top of the 4th over - 0 run(s), 0 hit(s), 0 error(s), 0 left on base; Surrey 3 - Seattle 0 |
BOTTOM OF THE 4TH |
Seattle Rainiers batting - Pitching for Surrey Sinners : RHP Diego González
|
Batting: RHB Pedro Rodríguez
|
0-0: Ball 1-0: Ground out 5-3 (Groundball, 15S)
|
Batting: LHB Brian Boone
|
0-0: Ball 1-0: Foul Ball, location: 2F 1-1: Ball 2-1: Ball 3-1: Base on Balls
|
Batting: SHB Glenn Vadnais
|
0-0: Called Strike 0-1: Ball Brian Boone is caught stealing 2nd base 1-1: Ball 2-1: Fly out, F8 (Flyball, 8RM)
|
Bottom of the 4th over - 0 run(s), 0 hit(s), 0 error(s), 0 left on base; Surrey 3 - Seattle 0 |
TOP OF THE 5TH |
Surrey Sinners batting - Pitching for Seattle Rainiers : RHP Jaime Espinoza
|
Batting: RHB Víctor Arredondo
|
0-0: Ball 1-0: TRIPLE (Flyball, 78XD)
|
Batting: RHB Carlos Rodríguez
|
0-0: Swinging Strike 0-1: Called Strike 0-2: Ground out 6-3 (Groundball, 6) Víctor Arredondo scores
|
Batting: RHB Cooper Richard
|
0-0: Ball 1-0: Ball 2-0: Swinging Strike 2-1: Ground out 5-3 (Groundball, 5)
|
Batting: RHB Tony Cruz
|
0-0: Called Strike 0-1: Ball 1-1: Ball 2-1: Foul Ball, location: 2F 2-2: Ball 3-2: Base on Balls
|
Batting: RHB Júlio Figueroa
|
0-0: Ball 1-0: Ball 2-0: Called Strike 2-1: SINGLE (Line Drive, 6D) Tony Cruz to second
|
Batting: RHB César Osequedo
|
0-0: Ball 1-0: Ball 2-0: Fly out, F9 (Flyball, 89S)
|
Top of the 5th over - 1 run(s), 2 hit(s), 0 error(s), 2 left on base; Surrey 4 - Seattle 0 |
BOTTOM OF THE 5TH |
Seattle Rainiers batting - Pitching for Surrey Sinners : RHP Diego González
|
Batting: RHB Chris Parker
|
0-0: Ball 1-0: Ball 2-0: Ball 3-0: Called Strike 3-1: Base on Balls
|
Batting: RHB Alejandro Ramos
|
0-0: Swinging Strike 0-1: Called Strike 0-2: DOUBLE (Line Drive, 89S) Chris Parker to third
|
Batting: LHB Norbert Mosley
|
0-0: Called Strike 0-1: Ball 1-1: Foul Ball, location: 2F 1-2: Foul Ball, location: 2F 1-2: Ball 2-2: Foul Ball, location: 2F 2-2: Ball 3-2: Strikes out swinging
|
Batting: SHB Francisco Lópes
|
0-0: Ground out 4-3 (Groundball, 4) Chris Parker scores Alejandro Ramos to third
|
Batting: RHB Bill Dawson
|
0-0: Ball 1-0: Ball 2-0: Ball 3-0: Base on Balls
|
Batting: RHB Aaron Holt
|
0-0: Called Strike 0-1: Swinging Strike 0-2: Strikes out swinging
|
Bottom of the 5th over - 1 run(s), 1 hit(s), 0 error(s), 2 left on base; Surrey 4 - Seattle 1 |
TOP OF THE 6TH |
Surrey Sinners batting - Pitching for Seattle Rainiers : RHP Jaime Espinoza
|
Batting: LHB Richard Bell
|
0-0: Ground out 1-3 (Groundball, 13)
|
Batting: LHB Tanyu Imai
|
0-0: Foul Ball, location: 2F 0-1: Called Strike 0-2: Strikes out swinging
|
Batting: LHB Benny Richard
|
0-0: Called Strike 0-1: Swinging Strike 0-2: Ball 1-2: Strikes out looking
|
Top of the 6th over - 0 run(s), 0 hit(s), 0 error(s), 0 left on base; Surrey 4 - Seattle 1 |
BOTTOM OF THE 6TH |
Seattle Rainiers batting - Pitching for Surrey Sinners : RHP Diego González
|
Batting: RHB Pedro Rodríguez
|
0-0: Called Strike 0-1: Ball 1-1: Fly out, F9 (Popup, 34D)
|
Batting: LHB Brian Boone
|
0-0: Swinging Strike 0-1: Foul Ball, location: 2F 0-2: Fly out, F8 (Flyball, 8RM)
|
Batting: SHB Glenn Vadnais
|
0-0: Called Strike 0-1: Ball 1-1: Fly out, F6 (Popup, 5L)
|
Bottom of the 6th over - 0 run(s), 0 hit(s), 0 error(s), 0 left on base; Surrey 4 - Seattle 1 |
TOP OF THE 7TH |
Surrey Sinners batting - Pitching for Seattle Rainiers : RHP Jaime Espinoza
|
Pitching: RHP Leo MacIntosh
|
|
Batting: RHB Víctor Arredondo
|
0-0: Called Strike 0-1: Ground out 5-3 (Groundball, 6)
|
Batting: RHB Carlos Rodríguez
|
0-0: Called Strike 0-1: Ball 1-1: SOLO HOME RUN (Flyball, 7D), Distance : 403 ft
|
Batting: RHB Cooper Richard
|
0-0: Ball 1-0: Foul Ball, location: 2F 1-1: Called Strike 1-2: Ball 2-2: Hit by Pitch
|
Batting: RHB Tony Cruz
|
0-0: Ball 1-0: Called Strike 1-1: Foul Ball, location: 2F 1-2: Ball 2-2: Foul Ball, location: 2F 2-2: Strikes out swinging
|
Batting: RHB Júlio Figueroa
|
0-0: Ball 1-0: Called Strike 1-1: Ball 2-1: SINGLE (Groundball, 56) Cooper Richard to second
|
Batting: RHB César Osequedo
|
0-0: Called Strike 0-1: Fly out, F3 (Popup, 3SF)
|
Top of the 7th over - 1 run(s), 2 hit(s), 0 error(s), 2 left on base; Surrey 5 - Seattle 1 |
BOTTOM OF THE 7TH |
Seattle Rainiers batting - Pitching for Surrey Sinners : RHP Diego González
|
Batting: RHB Chris Parker
|
0-0: Ball 1-0: Swinging Strike 1-1: Swinging Strike 1-2: Strikes out swinging
|
Batting: RHB Alejandro Ramos
|
0-0: Swinging Strike 0-1: Fly out, F4 (Line Drive, 4MD)
|
Batting: LHB Norbert Mosley
|
0-0: Foul Ball, location: 2F 0-1: Ball 1-1: Called Strike 1-2: SOLO HOME RUN (Flyball, 9D), Distance : 360 ft
|
Batting: SHB Francisco Lópes
|
0-0: Ball 1-0: Swinging Strike 1-1: Ball 2-1: Swinging Strike 2-2: Strikes out swinging
|
Bottom of the 7th over - 1 run(s), 1 hit(s), 0 error(s), 0 left on base; Surrey 5 - Seattle 2 |
TOP OF THE 8TH |
Surrey Sinners batting - Pitching for Seattle Rainiers : RHP Leo MacIntosh
|
Batting: LHB Richard Bell
|
0-0: Called Strike 0-1: Ground out 4-3 (Groundball, 34)
|
Batting: LHB Tanyu Imai
|
0-0: Swinging Strike 0-1: Called Strike 0-2: Strikes out swinging
|
Batting: LHB Benny Richard
|
0-0: Ball 1-0: Fly out, F8 (Flyball, 89M)
|
Top of the 8th over - 0 run(s), 0 hit(s), 0 error(s), 0 left on base; Surrey 5 - Seattle 2 |
BOTTOM OF THE 8TH |
Seattle Rainiers batting - Pitching for Surrey Sinners : RHP Diego González
|
Pitching: RHP Chris Marshall
|
|
Batting: RHB Bill Dawson
|
0-0: Foul Ball, location: 2F 0-1: Ground out 4-3 (Groundball, 4M)
|
Batting: RHB Aaron Holt
|
0-0: Ball 1-0: Swinging Strike 1-1: Called Strike 1-2: Ball 2-2: Strikes out swinging
|
Batting: RHB Pedro Rodríguez
|
0-0: Called Strike 0-1: Foul Ball, location: 2F 0-2: Ball 1-2: Foul Ball, location: 2F 1-2: Strikes out swinging
|
Bottom of the 8th over - 0 run(s), 0 hit(s), 0 error(s), 0 left on base; Surrey 5 - Seattle 2 |
TOP OF THE 9TH |
Surrey Sinners batting - Pitching for Seattle Rainiers : RHP Leo MacIntosh
|
Pitching: RHP Jorge Chávez
|
|
Batting: RHB Víctor Arredondo
|
0-0: Foul Ball, location: 2F 0-1: Fly out, F7 (Flyball, 7D)
|
Batting: RHB Carlos Rodríguez
|
0-0: Ground out 6-3 (Groundball, 6)
|
Batting: RHB Cooper Richard
|
0-0: Called Strike 0-1: SINGLE (Flyball, 4D)
|
Batting: RHB Tony Cruz
|
0-0: 2-RUN HOME RUN (Flyball, 89XD), Distance : 430 ft
|
Batting: RHB Júlio Figueroa
|
0-0: Foul Ball, location: 2F 0-1: Fly out, F5 (Popup, 5F)
|
Top of the 9th over - 2 run(s), 2 hit(s), 0 error(s), 0 left on base; Surrey 7 - Seattle 2 |
BOTTOM OF THE 9TH |
Seattle Rainiers batting - Pitching for Surrey Sinners : RHP Chris Marshall
|
Pitching: RHP Jesse Jones
|
|
Now at C: Bill Little
|
|
Now at 2B: Héctor Berrios
|
|
Now in LF: Steve Bender
|
|
Now in CF: Martin Short
|
|
Now in RF: Edmund Ross
|
|
Batting: LHB Brian Boone
|
0-0: Ball 1-0: Ball 2-0: DOUBLE (Flyball, 8LM)
|
Batting: SHB Glenn Vadnais
|
0-0: Fly out, F4 (Line Drive, 4)
|
Batting: RHB Chris Parker
|
0-0: Ball 1-0: Ground out 5-3 (Groundball, 56S) Brian Boone to third
|
Batting: RHB Alejandro Ramos
|
0-0: Foul Ball, location: 2F 0-1: DOUBLE (Line Drive, 78M) Brian Boone scores
|
Batting: LHB Norbert Mosley
|
0-0: Called Strike 0-1: Ball 1-1: Ball 2-1: Swinging Strike 2-2: Foul Ball, location: 2F 2-2: Foul Ball, location: 2F 2-2: Strikes out swinging
|
Bottom of the 9th over - 1 run(s), 2 hit(s), 0 error(s), 1 left on base; Surrey 7 - Seattle 3 |
|